 Dungeon Crawl Stone Soup version 0.18.1-5-g4a78601 (webtiles) character file.

2016 Charly the Grappler (level 9, -3/85 HPs)
             Began as a Troll Monk on May 12, 2016.
             Was a Priest of Cheibriados.
             Killed from afar by an orc wizard (9 damage)
             ... with a magic dart
             ... on level 11 of the Dungeon.
             The game lasted 00:26:52 (1485 turns).

Charly the Grappler (Troll Monk)                    Turns: 1485, Time: 00:26:53

Health: -3/85      AC: 10    Str: 29    XL:     9   Next: 3%
Magic:  16/18      EV: 11    Int: 17    God:    Cheibriados [***...]
Gold:   221        SH:  0    Dex: 20    Spells: 0 memorised, 8 levels left

rFire  . . .     SeeInvis .       - Unarmed
rCold  . . .     Gourm    +     m - +0 swamp dragon armour
rNeg   . . .     Faith    .     (no shield)
rPois  +         Spirit   .     (helmet restricted)
rElec  .         Dismiss  .     (no cloak)
rCorr  .         Reflect  .     (gloves unavailable)
SustAt .         Harm     .     (boots unavailable)
MR     .....                    (no amulet)
Stlth  +.........               q - ring of magical power
                                g - ring of wizardry

@: very slow, not resistant to hostile enchantments, very unstealthy
A: unfitting armour, claws 3, fast metabolism 3, gourmand, regeneration 2,
shaggy fur 1, tough skin 2
a: Bend Time, Temporal Distortion, Renounce Religion


You were on level 11 of the Dungeon.
You worshipped Cheibriados.
Cheibriados was most pleased with you.
You were not hungry.

You visited 2 branches of the dungeon, and saw 13 of its levels.

You collected 221 gold pieces.

Inventory:

Hand Weapons
 n - a +0 blowgun
Missiles
 p - 7 poisoned needles
Armour
 a - a +0 robe
 m - a +0 swamp dragon armour (worn)
Jewellery
 g - a ring of wizardry (left claw)
 q - a ring of magical power (right claw)
Wands
 r - a wand of acid (0/15)
 s - a wand of flame (22/48)
 t - a wand of iceblast (7/15)
Scrolls
 d - a scroll of amnesia
 h - a scroll of remove curse
Potions
 c - a potion of flight {unknown}
 e - a potion of experience {unknown}
 f - 2 potions of ambrosia
 i - 2 potions of magic {unknown}
 o - 2 potions of berserk rage
Books
 l - a book of Transfigurations

   Spells                             Type                      Level
   a - Irradiate                      Conjuration/Transmutation    5
   b - Statue Form                    Transmutation/Earth          6
   c - Hydra Form                     Transmutation                6
   d - Dragon Form                    Transmutation                7
Comestibles
 b - 8 bread rations
 j - a royal jelly
 k - a meat ration


   Skills:
 + Level 4.4 Fighting
 + Level 3.0 Dodging
 - Level 1.1 Stealth
 + Level 11.1 Unarmed Combat
 + Level 1.5 Invocations


You had 8 spell levels left.
You didn't know any spells.

Dungeon Overview and Level Annotations

Branches:
Dungeon (12/15)            Temple (1/1) D:5             Orc (0/2) D:11
   Lair: D:8-11

Altars:
Ashenzari
Cheibriados
Dithmenos
Fedhas
Gozag
Okawaru
Pakellas
Qazlal
Ru
Trog
Vehumet
Xom
Yredelemnul
Zin
The Shining One

Shops:
D:6 =

Annotations:
D:11 exclusion: downstairs
D:12 Snorg


Innate Abilities, Weirdness & Mutations

You are too large for most types of armour.
You have claws for hands.
Your metabolism is lightning-fast.
You like to eat raw meat.
You heal very quickly.
You are covered in fur (AC +1).
You have very tough skin (AC +2).


Message History

You have reached level 9!
Your experience leads to an increase in your attributes!
Your base attributes are Str 20, Int 8, Dex 12.
Increase (S)trength, (I)ntelligence, or (D)exterity?
You feel clever.
You feel stronger.
You feel a bit more experienced. The orc barely misses you.
Unknown command.
You claw the orc!
You kill the orc!
Cheibriados appreciates the change of pace.
Unknown command.
Evoke which item? (* to show all) (? for menu, Esc to quit)
Zapping:
r - a wand of acid {zapped: 2} (will waste charges)
Press: ? - help, Shift-Dir - straight line, f - orc wizard
Aim: an orc wizard, wielding a dagger and wearing a robe Nothing appears to happen.
You closely miss the orc wizard.
The orc wizard gestures at you while chanting.
The magic dart hits you!
You die...

#.......# #.#.. #.......#
##.... #.......# #.....
###.......# #....)
#.........# . #..... .
#.###'#####...##..... !.
#.#...........+...[>. ...
#.............###....
....####@......##........
.8)....#o.####..+.....(..
.......#....# ##........
.....o.)).#.# #........
.Y....8.....# #####....
......$..#### #....
.......#.. .8.....##.#
...?### ..


You could see an orc wizard.

Vanquished Creatures
  Joseph (D:7)
  A spriggan (D:7)
  A vampire (D:11)
  A hippogriff (D:7)
  An ice beast (D:11)
  An orc warrior (D:11)
  A sky beast (D:11)
  A phantom (D:7)
  An ogre (D:6)
  2 big kobolds
  A giant frog (D:6)
  A scorpion (D:10)
  A crimson imp (D:7)
  A howler monkey (Temple)
  A jelly (D:11)
  An orc priest (D:8)
  3 hounds
  3 orc wizards
  A centaur skeleton (D:7)
  Jessica (D:3)
  An iguana (D:6)
  2 worker ants
  A hound zombie (D:6)
  A worker ant zombie (D:7)
  3 adders
  2 shadow imps
  3 dart slugs (D:1)
  2 giant geckos
  22 orcs
  2 giant cockroaches
  3 goblins
  A hobgoblin (D:1)
  A quokka (D:5)
  2 giant gecko skeletons
  3 giant newts
  16 kobolds
  A rat (D:1)
91 creatures vanquished.

Notes
Turn   | Place    | Note
--------------------------------------------------------------
     0 | D:1      | Charly the Troll Monk began the quest for the Orb.
     0 | D:1      | Reached XP level 1. HP: 22/22 MP: 0/0
    51 | D:1      | Reached XP level 2. HP: 28/29 MP: 1/1
   127 | D:3      | Reached skill level 5 in Unarmed Combat
   127 | D:3      | Reached XP level 3. HP: 20/36 MP: 2/2
   140 | D:3      | Noticed Jessica
   146 | D:3      | Killed Jessica
   235 | D:4      | Found an iron altar of Okawaru.
   246 | D:5      | Entered Level 5 of the Dungeon
   255 | D:5      | Reached XP level 4. HP: 41/44 MP: 3/3
   272 | D:5      | Reached skill level 6 in Unarmed Combat
   308 | D:5      | Charly: uffffff
   313 | D:6      | Noticed a giant frog
   317 | D:6      | Noticed an ogre
   318 | D:6      | Killed a giant frog
   318 | D:6      | Reached XP level 5. HP: 31/50 MP: 4/4
   338 | D:5      | Found a staircase to the Ecumenical Temple.
   355 | Temple   | Entered the Ecumenical Temple
   427 | Temple   | Reached skill level 7 in Unarmed Combat
   443 | D:5      | Reached XP level 6. HP: 50/59 MP: 5/5
   457 | D:5      | jacquesderrida: Borx
   484 | D:6      | Found Qywavoh's Jewellery Shoppe.
   617 | D:6      | Reached skill level 8 in Unarmed Combat
   684 | D:8      | Noticed an orc warrior
   734 | D:7      | Noticed Joseph
   747 | D:7      | Killed Joseph
   747 | D:7      | Reached skill level 9 in Unarmed Combat
   747 | D:7      | Reached XP level 7. HP: 33/66 MP: 6/6
   761 | D:7      | Found a snail-covered altar of Cheibriados.
   767 | D:7      | Became a worshipper of Cheibriados the Contemplative
   767 | D:7      | Reached * piety under Cheibriados
   767 | D:7      | Reached ** piety under Cheibriados
   947 | D:7      | Noticed a hippogriff
   954 | D:7      | Killed a hippogriff
   954 | D:7      | Reached skill level 10 in Unarmed Combat
   954 | D:7      | Reached XP level 8. HP: 71/75 MP: 7/7
  1301 | D:10     | Entered Level 10 of the Dungeon
  1379 | D:11     | Reached *** piety under Cheibriados
  1387 | D:11     | 10/10
  1400 | D:12     | Noticed Snorg
  1439 | D:11     | Reached skill level 11 in Unarmed Combat
  1441 | D:11     | Reached skill level 1 in Invocations
  1456 | D:11     | Found a staircase to the Orcish Mines.
  1480 | D:11     | HP: 2/78 [something (9)]
  1481 | D:11     | Reached XP level 9. HP: 3/85 MP: 9/9
  1485 | D:11     | Killed from afar by an orc wizard

Skill      XL: |  1  2  3  4  5  6  7  8 |
---------------+-------------------------+-----
Unarmed Combat | 5 6 7 9 10 11 | 11.1
Fighting       | 3 4 |  4.4
Invocations    | 1 |  1.5
Dodging        | 3 |  3.0
Stealth        | |  1.1

Action                   |  1- 3 |  4- 6 |  7- 9 || total
-------------------------+-------+-------+-------++-------
Melee: Unarmed           |    45 |   120 |   111 ||   276
       Punch             |       |     4 |     8 ||    12
Evoke: Wand              |       |       |     3 ||     3
  Use: Scroll            |       |       |     9 ||     9
 Stab: Sleeping          |       |       |     1 ||     1
  Eat: Chunk             |       |     4 |     4 ||     8
Armor: Robe              |    14 |    52 |     6 ||    72
       Swamp dragon armo |       |       |    41 ||    41
       Swamp dragon hide |       |       |     1 ||     1
Dodge: Dodged            |    22 |    66 |    45 ||   133
